 Dungeon Crawl Stone Soup version 0.28-a0-556-gab23d0e057 (webtiles) character file.

Game seed: 11104780626033571959

60 bande the Covered (level 4, 0/29 HPs)
             Began as a Gargoyle Fighter on Sept 29, 2021.
             Slain by a gnoll (6 damage)
             ... on level 2 of the Dungeon.
             The game lasted 00:02:01 (1704 turns).

bande the Covered (Gargoyle Fighter)                Turns: 1704, Time: 00:02:01

Health: 0/29       AC: 10    Str: 21    XL:     4   Next: 6%
Magic:  4/4        EV:  6    Int:  8    God:
Gold:   88         SH:  4    Dex:  9    Spells: 3/3 levels left

rFire   . . .      SeeInvis .   g - +1 hand axe (freeze)
rCold   . . .      Faith    .   c - +0 buckler
rNeg    + . .      Spirit   .   b - +0 scale mail
rPois   ∞          Reflect  .   (no helmet)
rElec   +          Harm     .   (no cloak)
rCorr   .          Rampage  .   (no gloves)
Will    .....                   (no boots)
Stlth   ..........              (no amulet)
HPRegen 0.09/turn               (no ring)
MPRegen 0.09/turn               (no ring)

@: constricted
A: sickness immunity, AC +3, negative energy resistance 1, electricity
resistance, torment resistance 1, petrification resistance
a: no special abilities


You were on level 2 of the Dungeon.
You visited 1 branch of the dungeon, and saw 2 of its levels.

You collected 88 gold pieces.

Inventory:

Hand Weapons
 a - a +0 war axe
 g - a +1 hand axe of freezing (weapon)
Armour
 b - a +0 scale mail (worn)
 c - a +0 buckler (worn)
Potions
 d - a potion of might
 e - 2 potions of heal wounds {unknown}
 i - 2 potions of curing


   Skills:
 + Level 3.7 Fighting
 + Level 2.5 Axes
 + Level 4.0 Armour
 + Level 3.7 Shields


You had 3 spell levels left.
You didn't know any spells.
Your spell library was empty.

Dungeon Overview and Level Annotations

Branches:
Dungeon (2/15)

Altars:
Kikubaaqudgha


Innate Abilities, Weirdness & Mutations

You are immune to sickness and miasma.
Your stone body is resilient. (AC +3)
You are immune to poison.
You resist negative energy. (rN+)
You are resistant to electric shocks. (rElec)
You are resistant to unholy torment.
You are immune to petrification.


Message History

You freeze the ball python.
You kill the ball python!
The gnoll hits you from afar with a +0 spear.
Found 9 gold pieces.
You block the gnoll's attack.
A ball python comes into view.
The gnoll misses you.
You hit the gnoll. You freeze the gnoll.
The gnoll is lightly wounded.
You closely miss the gnoll. You block the gnoll's attack.
The gnoll hits you but does no damage. The gnoll barely misses you. x2
The gnoll closely misses you.
You hit the gnoll. You freeze the gnoll.
The gnoll is heavily wounded.
You barely miss the gnoll. You block the gnoll's attack.
The gnoll barely misses you. The gnoll hits you with a +0 spear!
You are too injured to fight recklessly!
You are too injured to fight recklessly!
You are too injured to fight recklessly!
You are too injured to fight recklessly!
You are too injured to fight recklessly!
You are too injured to fight recklessly!
You are too injured to fight recklessly!
You are too injured to fight recklessly!
Unknown command.
You hit the gnoll. You freeze the gnoll.
The gnoll is severely wounded.
You hit the gnoll but do no damage.
You hit the ball python but do no damage.
The ball python bites you but does no damage.
The ball python grabs you. The ball python constricts you.
You block the gnoll's attack. The gnoll hits you with a +0 whip.
The gnoll hits you with a +0 spear.
* * * LOW HITPOINT WARNING * * *
The ball python closely misses you. The ball python constricts you.
* * * LOW HITPOINT WARNING * * *
You hit the gnoll. You freeze the gnoll.
The gnoll is almost dead.
You hit the gnoll. You freeze the gnoll. You completely miss the ball python.
The gnoll hits you from afar with a +0 spear.
You die...

#.##....###.##..# #.#
####.##.##..#..##..# #.#
..##............#..# #.#
#.#####.####.#..#.[# #.#
#.......# *.#..#..# #.#
#.####### #.#..#..# #.# ..#
#.#..#..# *,* ### #...g#..#
*,* # #...g@..# *,*
#**********#.##S#.######## *,,
.,,,,,,,,,,,,.g.#........# *,,
#***,**,***#$####$.#####.# *,,
# *,**,* #,***#..# #.# *,, #
*,**,****,**....#####.######..
#
*,**,,,,,,,.........)#........
*
*,,,,,,,,,##.##.#####.#######.
*,,********#.*#.# #.........


You could see 3 gnolls and a ball python.

Vanquished Creatures
  An adder (D:2)
  A dart slug (D:2)
  2 bats
  4 endoplasms
  5 giant cockroaches (D:1)
  3 goblins
  5 hobgoblins
  6 jackals (D:1)
  5 kobolds (D:1)
  2 quokkas (D:1)
  2 ball pythons (D:2)
  3 frilled lizards (D:1)
  5 rats
44 creatures vanquished.

Notes
Turn   | Place    | Note
-------+----------+-------------------------------------------
     0 | D:1      | bande the Gargoyle Fighter began the quest for the Orb.
     0 | D:1      | Reached XP level 1. HP: 14/14 MP: 1/1
   181 | D:1      | Reached XP level 2. HP: 19/19 MP: 2/2
   286 | D:1      | Found a faded altar of an unknown god.
   556 | D:1      | Reached XP level 3. HP: 23/24 MP: 3/3
  1253 | D:2      | Reached skill level 4 in Armour
  1309 | D:2      | Found an ancient bone altar of Kikubaaqudgha.
  1348 | D:2      | Reached XP level 4. HP: 21/29 MP: 4/4
  1704 | D:2      | Slain by a gnoll

Illustrated notes

Levels and vault maps discovered:
D:1:      evilmike_arrival_rings, layout_basic,
          hellmonk_ecumenical_altar_zigzags, minmay_pentomino_z2
D:2:      layout_loops_ring, basic_altar

Skill      XL: |  1  2  3 |
---------------+----------+-----
Axes           | 2 |  2.5
Armour         | 4 |  4.0
Fighting       | |  3.7
Shields        | |  3.7

Action                   |  1- 3 |  4- 6 || total
-------------------------+-------+-------++-------
Melee: War axe           |    67 |       ||    67
       Hand axe          |    63 |    13 ||    76
  Use: Scroll            |       |     3 ||     3
Armor: Scale mail        |    61 |     6 ||    67
Dodge: Dodged            |    58 |     7 ||    65
Block: Buckler           |    28 |     5 ||    33

Table legend: (Time is in decaauts)
 A = Elapsed time spent in this place.
 B = Non-inter-level travel time spent in this place.
 C = Inter-level travel time spent in this place.
 D = Time resting spent in this place.
 E = Time spent auto-exploring this place.
 F = Levels seen in this place.
 G = Mean time per level.
                   A        B        C        D        E       F      G
               +--------+--------+--------+--------+--------+-----+--------+
         Total |   1746 |   1718 |     28 |      9 |   1366 |   2 |  873.0 |
       Dungeon |   1746 |   1718 |     28 |      9 |   1366 |   2 |  873.0 |
               +--------+--------+--------+--------+--------+-----+--------+

Top non-repeatable levels by time:
     D:1: 1243 daAuts
     D:2: 503 daAuts
